AoeStats
← Player

Arena

505035138Analyzed
4v4 RM · 26d ago on Sep 7, 2026· 50m 4s· 8 players
Game mode
Random Map
Map size
Large (8 player)
Population
200
Speed
Normal
Resources
Standard
Victory
Conquest
Starting age
Dark Age
Ending age
Imperial Age
RankedLock teamsTeams togetherTeam positionsShared explorationLock speedFull tech treeHidden civsTurbo modeCheats
Victory
Defeat
🇨🇳 Mongols · China
1035
+13
🇬🇧 Persians · United Kingdom
1022
+14
1003
+15
🇩🇪 Cumans · Germany
941
+17
🇮🇳 Italians · India
992
-16
🇸🇦 Mongols · Saudi Arabia
987
-15
🇲🇰 Gurjaras · North Macedonia
958
-14
🇺🇦 Slavs · Ukraine
956
-14
TaniaTequilaFromDushanbe
7:35 Loom
11:06 Feudal Age
12:04 Double-Bit Axe
12:03 Horse Collar
20:12 Castle Age
19:40 Scale Barding Armor
20:14 Forging
20:39 Bloodlines
20:30 Stone Mining
21:14 Husbandry
21:49 Fletching
22:24 Town Watch
23:58 Fortified Wall
24:32 Iron Casting
24:20 Gold Mining
25:05 Masonry
25:35 Detinets
26:31 Gold Shaft Mining
26:46 Heavy Plow
26:59 Bow Saw
31:44 Chain Barding Armor
35:06 Ballistics
35:27 Wheelbarrow
35:24 Town Patrol
38:59 Imperial Age
37:11 Bodkin Arrow
37:17 Scale Mail Armor
37:20 Squires
36:41 Pikeman
38:01 Hand Cart
38:03 Murder Holes
39:52 Chain Mail Armor
40:03 Conscription
40:38 Plate Barding Armor
41:24 Siege Engineers
42:52 Blast Furnace
43:25 Halberdier
44:48 Plate Mail Armor
Player
11:18 Feudal Age
12:40 Double-Bit Axe
12:35 Horse Collar
18:30 Castle Age
18:22 Stone Mining
18:23 Gold Mining
19:32 Bow Saw
21:58 Forging
22:02 Heavy Plow
22:51 Stone Shaft Mining
23:41 Gold Shaft Mining
25:28 Bloodlines
25:18 Husbandry
25:12 Loom
26:54 Iron Casting
26:26 Scale Barding Armor
27:39 Treadmill Crane
29:19 Chain Barding Armor
32:56 Imperial Age
31:03 Wheelbarrow
34:15 Hand Cart
33:24 Elite Shrivamsha Rider
35:08 Chemistry
34:05 Murder Holes
34:17 Scale Mail Armor
34:23 Caravan
34:52 Conscription
39:33 Chain Mail Armor
40:08 Kshatriyas
39:57 Heavy Camel Rider
CrazyWolf
5:01 Loom
10:29 Feudal Age
11:22 Double-Bit Axe
11:18 Horse Collar
16:34 Stone Mining
19:26 Castle Age
20:43 Bow Saw
20:35 Heavy Plow
21:28 Gold Mining
21:32 Fletching
25:29 Town Watch
26:22 Wheelbarrow
33:14 Imperial Age
31:13 Light Cavalry
32:03 Bloodlines
32:05 Scale Barding Armor
32:17 Bloodlines
35:51 Conscription
37:18 Padded Archer Armor
37:30 Forging
37:40 Chain Barding Armor
37:16 Bodkin Arrow
37:26 Town Watch
38:40 Husbandry
40:17 Gold Shaft Mining
41:07 Stone Shaft Mining
44:09 Iron Casting
43:50 Leather Archer Armor
43:36 Bracer
44:00 Ballistics
43:36 Murder Holes
madmonk08
0:27 Loom
13:15 Feudal Age
14:52 Wheelbarrow
14:03 Town Watch
14:08 Double-Bit Axe
14:05 Horse Collar
22:43 Castle Age
21:37 Fletching
21:48 Padded Archer Armor
22:02 Stone Mining
22:09 Gold Mining
24:08 Hand Cart
24:21 Town Watch
24:49 Bow Saw
27:09 Heavy Plow
33:21 Imperial Age
31:16 Ballistics
30:48 Elite Skirmisher
32:39 Town Patrol
33:00 Bodkin Arrow
32:49 Treadmill Crane
33:27 Leather Archer Armor
33:47 Forging
33:37 Murder Holes
34:23 Conscription
35:17 Chemistry
34:24 Bracer
35:10 Crop Rotation
36:19 Ring Archer Armor
37:21 Thumb Ring
38:45 Two-Man Saw
38:41 Elite Genoese Crossbowman
45:23 Forging
45:13 Scale Mail Armor
45:55 Pirotechnia
46:22 Bombard Tower
45:47 Arrowslits
46:13 Fortified Wall
46:14 Masonry
46:14 Pikeman
46:54 Squires
46:41 Arson
Cocky Joe aka Simple Joe
9:22 Feudal Age
12:20 Horse Collar
12:28 Double-Bit Axe
21:31 Castle Age
21:59 Wheelbarrow
21:11 Loom
21:11 Town Watch
22:12 Gold Mining
22:44 Heavy Plow
22:59 Bow Saw
22:42 Stone Mining
23:30 Gold Shaft Mining
30:32 Imperial Age
28:17 Scale Barding Armor
28:23 Forging
29:34 Chain Barding Armor
30:39 Iron Casting
30:50 Bloodlines
30:59 Hand Cart
30:48 Town Patrol
32:02 Plate Barding Armor
30:50 Cavalier
33:35 Blast Furnace
32:23 Paladin
34:59 Fletching
36:44 Chemistry
35:56 Masonry
35:42 Murder Holes
38:55 Crop Rotation
39:28 Two-Man Saw
39:18 Conscription
41:04 Hoardings
40:28 Bodkin Arrow
40:55 Ballistics
41:34 Light Cavalry
43:21 Scale Mail Armor
43:21 Padded Archer Armor
49:08 Chain Mail Armor
49:08 Leather Archer Armor
49:20 Caravan
49:51 Coinage
49:14 Heated Shot
49:05 Elite Steppe Lancer
49:56 Steppe Husbandry
49:59 Cuman Mercenaries
50:10 Atonement
50:20 Fervor
50:32 Sanctity
50:47 Guilds
50:50 Careening
50:51 Clinker Construction
Clockwise Haggis
11:20 Feudal Age
15:56 Castle Age
13:44 Horse Collar
13:54 Double-Bit Axe
16:20 Forging
16:15 Scale Barding Armor
17:05 Loom
17:06 Town Watch
17:43 Heavy Plow
24:30 Wheelbarrow
26:17 Bow Saw
28:32 Hand Cart
28:49 Town Patrol
30:19 Thumb Ring
29:35 Crossbowman
33:45 Imperial Age
32:01 Iron Casting
31:17 Fletching
31:27 Padded Archer Armor
32:20 Bloodlines
31:31 Light Cavalry
32:12 Husbandry
33:26 Squires
32:47 Pikeman
34:26 Ballistics
34:02 Murder Holes
34:42 Conscription
36:31 Kamandaran
37:07 Hoardings
36:46 Cavalier
39:00 Scale Mail Armor
38:56 Bodkin Arrow
39:22 Chain Barding Armor
39:24 Guilds
40:24 Blast Furnace
39:39 Leather Archer Armor
40:29 Chemistry
39:39 Masonry
41:37 Halberdier
44:34 Savar
44:35 Hussar
46:26 Plate Barding Armor
46:22 Ring Archer Armor
46:07 Chain Mail Armor
46:27 Architecture
46:30 Citadels
51:07 Plate Mail Armor
Bombardiro Eduardito
11:23 Feudal Age
11:59 Double-Bit Axe
15:46 Loom
19:04 Castle Age
17:45 Stone Mining
17:36 Horse Collar
19:05 Gold Mining
19:54 Wheelbarrow
20:04 Bow Saw
28:31 Hand Cart
29:20 Fortified Wall
28:52 Treadmill Crane
29:28 Thumb Ring
28:48 Pikeman
28:49 Elite Skirmisher
32:45 Imperial Age
30:45 Heavy Plow
30:53 Scale Barding Armor
30:59 Forging
30:50 Padded Archer Armor
30:41 Fletching
30:51 Padded Archer Armor
30:52 Scale Mail Armor
30:44 Fletching
32:23 Stone Shaft Mining
32:23 Gold Shaft Mining
33:28 Ballistics
33:21 Forging
33:32 Chain Barding Armor
33:30 Leather Archer Armor
33:30 Chain Mail Armor
33:23 Thumb Ring
34:55 Crop Rotation
35:06 Conscription
35:16 Halberdier
35:53 Elite Cataphract
37:04 Chain Barding Armor
37:19 Iron Casting
37:15 Plate Mail Armor
37:38 Gambesons
38:28 Logistica
39:18 Plate Mail Armor
39:18 Ring Archer Armor
40:49 Plate Barding Armor
40:12 Bodkin Arrow
41:52 Two-Man Saw
41:05 Squires
40:51 Arson
43:26 Chemistry
47:08 Husbandry
47:11 Bracer
星辰AGE
1:43 Loom
11:40 Feudal Age
12:34 Horse Collar
16:42 Castle Age
18:08 Double-Bit Axe
19:20 Town Watch
20:11 Wheelbarrow
25:21 Bow Saw
25:14 Heavy Plow
31:00 Imperial Age
28:50 Hand Cart
28:50 Stone Mining
28:51 Gold Mining
29:37 Bloodlines
28:50 Elite Skirmisher
29:36 Fletching
32:18 Parthian Tactics
31:53 Bodkin Arrow
31:59 Padded Archer Armor
33:03 Chemistry
32:16 Husbandry
34:12 Stone Shaft Mining
34:13 Gold Shaft Mining
33:40 Bracer
34:43 Conscription
36:46 Elite Mangudai
38:17 Leather Archer Armor
38:37 Ballistics
38:28 Masonry
38:09 Light Cavalry
38:13 Pikeman
39:18 Forging
39:13 Scale Barding Armor
41:14 Iron Casting
40:13 Heavy Camel Rider
41:35 Heavy Camel Rider
42:18 Heavy Camel Rider
46:51 Hussar
47:54 Chain Barding Armor
48:35 Blast Furnace
47:53 Capped Ram
50:17 Caravan
Connection lost

Rejoining the realm…

Still unreachable

The connection could not be restored.

Session expired

The server has moved on; the page needs a fresh start.